 Dungeon Crawl Stone Soup version 0.25-a0-719-gde951dc (webtiles) character file.

Game seed: 9010483353071906438, levelgen mode: deterministic

282 BlueFish the Magician (level 6, -10/43 HPs)
             Began as a Mummy Wizard on Apr 6, 2020.
             Mangled by a two-headed ogre
             ... wielding a +0 giant club
              (18 damage)
             ... on level 4 of the Dungeon.
             The game lasted 00:10:34 (4486 turns).

BlueFish the Magician (Mummy Wizard)                Turns: 4486, Time: 00:10:34

Health: -10/43     AC:  2    Str: 11      XL:     6   Next: 6%
Magic:  1/14       EV: 12    Int: 19      God:
Gold:   233        SH:  0    Dex:  7 (10) Spells: 6/16 levels left

rFire    x . .     SeeInvis .   g - +0 spear
rCold    + . .     Gourm    .   (no shield)
rNeg     + + +     Faith    .   a - +0 robe
rPois    ∞         Spirit   .   b - +0 hat
rElec    .         Reflect  .   (no cloak)
rCorr    .         Harm     .   (no gloves)
MR       .....                  (no boots)
Stlth    ++........             (no amulet)
HPRegen  0.14/turn              (no ring)
MPRegen  0.14/turn              (no ring)

@: about to teleport, very slightly contaminated, studying Throwing
A: no food or potions, fire vulnerability, cold resistance 1, negative energy
resistance 3, torment resistance, unbreathing
a: no special abilities


You were on level 4 of the Dungeon.
You were not hungry.

You visited 2 branches of the dungeon, and saw 5 of its levels.

You collected 233 gold pieces.

Inventory:

Hand Weapons
 g - a +0 spear (weapon)
 j - a cursed -2 dagger
Armour
 a - a +0 robe (worn)
 b - a +0 hat (worn)
Scrolls
 c - a scroll of amnesia
 d - a scroll of fear
 e - a scroll of magic mapping {unknown}
 f - 3 scrolls of teleportation
 h - 3 scrolls of remove curse
 i - a scroll of fog {unknown}
 k - a scroll of enchant armour {unknown}
Books
 l - a manual of Throwing


   Skills:
 * Level 1.5 Fighting
 * Level 1.2 Polearms
 * Level 2.1 Dodging
 * Level 2.7 Stealth
 * Level 5.8 Spellcasting
 + Level 2.0 Conjurations
 + Level 1.0 Summonings
 + Level 0.7 Translocations
 + Level 0.1 Air Magic


You had 6 spell levels left.
You knew the following spells:

 Your Spells              Type           Power        Failure   Level  Hunger
a - Magic Dart            Conj           ##..         4%          1    N/A
b - Blink                 Tloc           N/A          13%         2    N/A
c - Call Imp              Summ           #.......     11%         2    N/A
d - Slow                  Hex            #.......     17%         2    N/A
e - Mephitic Cloud        Conj/Pois/Air  #.......     26%         3    N/A

Your spell library contained the following spells:

 Spells                   Type           Power        Failure   Level  Hunger
 Conjure Flame            Conj/Fire      #.......     22%         3    N/A

Dungeon Overview and Level Annotations

Branches:
Dungeon (4/15)             Temple (1/1) D:4

Altars:
Ashenzari
Cheibriados
Dithmenos
Elyvilon
Gozag
Hepliaklqana
Makhleb
Nemelex Xobeh
Okawaru
Qazlal
Ru
Sif Muna
Uskayaw
Vehumet
Yredelemnul
Zin
The Shining One

Shops:
D:4 :


Innate Abilities, Weirdness & Mutations

You do not eat or drink.
Your flesh is vulnerable to fire.
You are immune to poison.
Your flesh is cold resistant. (rC+)
You are immune to negative energy. (rN+++)
You are immune to unholy pain and torment.
You can survive without breathing.


Message History

The two-headed ogre is severely wounded.
The two-headed ogre laughs crazily.
The two-headed ogre seems less confused.
There is an open door here.
You close the door.
A two-headed ogre opens the door.
Casting: Mephitic Cloud (safe; 26% risk of failure)
Confirm with . or Enter, or press ? or * to list all spells.
Aiming: Mephitic Cloud (safe; 26% risk of failure)
Press: ? - help, Shift-Dir - straight line, f/p - two-headed ogre
Aim: a two-headed ogre, wielding two +0 giant clubs (severely wounded)
You miscast Mephitic Cloud.
You are very lightly contaminated with residual magic.
You feel sick.
As you read the scroll of teleportation, it crumbles to dust.
You feel strangely unstable.
The two-headed ogre hits you with a +0 giant club!
* * * LOW HITPOINT WARNING * * *
The two-headed ogre hits you with a +0 giant club!!
You die...

........#######
..............#
....###.......# ....#
#.......#### ....#
#.......##.# ..###
#.......##.# ###
#.......##.#
#.......##.#
##########@# #O# #####
#.# #...# #.# #########
#...##### #.# #.......#
##.†.....#######.#
#.#####.#
.........'..O....# #.#
#.#
#...#....###########.###
#.# ....#....#
#..)........# #.#


You could see a two-headed ogre.

Vanquished Creatures
  2 ogres
  A hound skeleton (D:4)
  4 adders
  A dart slug (D:2)
  A leopard gecko (D:1)
  A ball python (D:3)
  4 bats (D:2)
  4 giant cockroaches
  6 goblins
  7 hobgoblins
  4 jackals
  A quokka (D:2)
  5 frilled lizards
  2 kobolds
  A leopard gecko skeleton (D:4)
  3 rats
  A spectral orc (D:2)
48 creatures vanquished.

Vanquished Creatures (collateral kills)
  A quasit (D:4)
  An adder (D:3)
  A hobgoblin (D:3)
3 creatures vanquished.

Vanquished Creatures (others)
  A plant (D:4)
1 creature vanquished.

Grand Total: 52 creatures vanquished

Notes
Turn   | Place    | Note
-------+----------+-------------------------------------------
     0 | D:1      | BlueFish the Mummy Wizard began the quest for the Orb.
     0 | D:1      | Reached XP level 1. HP: 13/13 MP: 5/5
   635 | D:1      | You fall into a shaft and drop 1 floor!
   669 | D:1      | Reached XP level 2. HP: 14/19 MP: 4/7
  1375 | D:2      | Reached XP level 3. HP: 23/25 MP: 3/9
  1379 | D:2      | Learned a level 2 spell: Blink
  1382 | D:2      | Learned a level 2 spell: Call Imp
  1385 | D:2      | Learned a level 2 spell: Slow
  1389 | D:2      | Learned a level 3 spell: Mephitic Cloud
  1999 | D:2      | Found a basalt altar of Yredelemnul.
  2114 | D:3      | Reached skill level 5 in Spellcasting
  2144 | D:3      | Reached skill level 1 in Conjurations
  2247 | D:3      | Found a burning altar of Makhleb.
  2430 | D:3      | Reached XP level 4. HP: 31/31 MP: 7/11
  2505 | D:3      | Noticed an ogre
  2521 | D:3      | Killed an ogre
  2521 | D:3      | Reached skill level 1 in Fighting
  2521 | D:3      | Reached XP level 5. HP: 37/37 MP: 7/13
  3137 | D:4      | Noticed an ogre
  3167 | D:4      | Killed an ogre
  3167 | D:4      | Reached skill level 1 in Polearms
  3167 | D:4      | Reached skill level 1 in Summonings
  3453 | D:4      | Found a staircase to the Ecumenical Temple.
  3461 | Temple   | Entered the Ecumenical Temple
  3698 | D:4      | Found Uguvoum's Book Emporium.
  3767 | D:4      | Noticed a two-headed ogre
  3972 | D:4      | Found a stormy altar of Qazlal.
  4267 | D:4      | Reached XP level 6. HP: 28/43 MP: 4/14
  4486 | D:4      | Mangled by a two-headed ogre

Levels and vault maps discovered:
D:1:      minmay_arrival_wavy_path, layout_rooms
D:2:      layout_basic, yredelemnul_forgotten_temple_becter
D:3:      layout_loops_ring, lemuel_round_altar
D:4:      layout_basic, grunt_qazlal_clouds, minmay_temple_entry_gardened_gates,
          serial_shops, kennysheep_mini_moat, first_ration,
          minmay_manual_monolith
Temple:   jpeg_temple_clearing

Skill      XL: |  1  2  3  4  5 |
---------------+----------------+-----
Stealth        | 2 |  2.7
Spellcasting   | 5 |  5.8
Conjurations   | 1 2 |  2.0
Fighting       | 1 |  1.5
Dodging        | 2 |  2.1
Polearms       | 1 |  1.2
Summonings     | 1 |  1.0
Translocations | |  0.7
Air Magic      | |  0.1

Action                   |  1- 3 |  4- 6 || total
-------------------------+-------+-------++-------
Melee: Spear             |    37 |    48 ||    85
       Club              |     5 |       ||     5
 Cast: Magic Dart        |    85 |    41 ||   126
       Call Imp          |     1 |    14 ||    15
       Mephitic Cloud    |       |     4 ||     4
  Use: Scroll            |     4 |     3 ||     7
 Stab: Sleeping          |     1 |     1 ||     2
       Confused          |       |     4 ||     4
Armor: Robe              |    13 |     3 ||    16
Dodge: Dodged            |    35 |    29 ||    64

Table legend:
 A = Non-vault XP
 B = Vault XP
 C = Vault XP percentage of total XP
 D = Non-vault monster count
 E = Vault monster count
 F = Vault count percentage of total count
                 A         B        C        D         E       F
            +---------+---------+-------+---------+---------+-------
      Total |     368 |      36 |   8.9 |      48 |       3 |   5.9
            +---------+---------+-------+---------+---------+-------
        D:1 |      13 |       0 |   0.0 |       7 |       0 |   0.0
        D:2 |      52 |       1 |   1.9 |      17 |       1 |   5.6
        D:3 |     147 |       0 |   0.0 |      18 |       0 |   0.0
        D:4 |     156 |      35 |  18.3 |       6 |       2 |  25.0
            +---------+---------+-------+---------+---------+-------
